 Dungeon Crawl Stone Soup version 0.18.1-2-ga659475 (webtiles) character file.

79 GreamJoe the Chucker (level 4, 0/37 HPs)
             Began as a Draconian Hunter on May 9, 2016.
             Succumbed to Crazy Yiuf's poison
             ... on level 2 of the Dungeon.
             The game lasted 00:12:40 (2450 turns).

GreamJoe the Chucker (Draconian Hunter)             Turns: 2450, Time: 00:12:41

Health: 0/37       AC:  5    Str: 14    XL:     4   Next: 17%
Magic:  4/4        EV: 13    Int: 11    God:
Gold:   94         SH:  0    Dex: 13    Spells: 0 memorised, 3 levels left

rFire  . . .     SeeInvis .     n - +0 mace
rCold  . . .     Gourm    .     (armour unavailable)
rNeg   . . .     Faith    .     (no shield)
rPois  .         Spirit   .     (helmet restricted)
rElec  .         Dismiss  .     (no cloak)
rCorr  .         Reflect  .     (no gloves)
SustAt .         Harm     .     (no boots)
MR     +....     Rnd*Rage +     (no amulet)
Stlth  ++........               (no ring)
                                (no ring)

@: lethally poisoned (0 -> -7), drained, somewhat resistant to hostile
enchantments, unstealthy
A: unfitting armour, berserk 1, magic resistance 1, cold-blooded, AC +5
a: no special abilities


You were on level 2 of the Dungeon.
You were completely stuffed.

You visited 1 branch of the dungeon, and saw 2 of its levels.

You collected 94 gold pieces.

Inventory:

Hand Weapons
 a - a +0 short sword
 n - a +0 mace (weapon)
Missiles
 b - 4 javelins (quivered)
 c - 2 throwing nets
Armour
 k - a +0 chain mail
 l - a +0 ring mail
 p - a +0 ring mail
 r - a +0 leather armour
Scrolls
 d - 2 scrolls of blinking {unknown}
 e - a scroll of noise {unknown}
 g - 2 scrolls of teleportation {unknown}
 i - 2 scrolls of amnesia {unknown}
 m - 2 scrolls of remove curse {unknown}
Comestibles
 f - a meat ration
 h - 2 slices of pizza
 j - a beef jerky
 o - a bread ration
 q - a fruit


   Skills:
 + Level 2.3(2.0) Fighting
 + Level 0.4(0.1) Short Blades
 + Level 0.2(0.0) Maces & Flails
 + Level 4.2(3.9) Throwing
 + Level 2.9(2.6) Dodging
 + Level 1.4(1.1) Stealth


You had 3 spell levels left.
You didn't know any spells.

Dungeon Overview and Level Annotations

Branches:
Dungeon (2/15)

Altars:
Pakellas
Ru

Annotations:
D:2 Crazy Yiuf


Innate Abilities, Weirdness & Mutations

Your plain brown scales are hard (AC +5).
Your body does not fit into most forms of armour.
You are cold-blooded and may be slowed by cold attacks.
You tend to lose your temper in combat.
You are resistant to hostile enchantments.


Message History

Crazy Yiuf hits you with a quarterstaff of chaos!
Space bends around you.
* * * LOW HITPOINT WARNING * * *
You hit Crazy Yiuf.
Crazy Yiuf is moderately wounded.
Crazy Yiuf hits you with a quarterstaff of chaos!
* * * LOW HITPOINT WARNING * * *
You feel drained.
* * * LOW HITPOINT WARNING * * *
Unknown command.
Crazy Yiuf says, "Fire action poople!"
Crazy Yiuf cries, "You leg down broken song, no?"
Crazy Yiuf hits you but does no damage.
You are lethally poisoned!
* * * LOW HITPOINT WARNING * * *
You feel sick.
Crazy Yiuf cries, "You leg down broken song, no?"
* * * LOW HITPOINT WARNING * * *
You feel sick.
You die...

.#.......###...##
♣.♣
.##..#..###.....#
♣♣.♣
###.#.#####....#
♣.♣♣ ..............#
♣♣.♣♣
##.#######..>##
♣...♣♣ #...........#
♣....♣ ##########..#
#....# #..####....#
#.).@.g....#
#.#####...## #####
#...))..### ####...#
#.#####.###
#....#.###.#.......#
#.##.†.......###.#.#
#.#######...## #.#.#
#.# #.....# #.#.#
#.# ##...####.#.#


You could see Crazy Yiuf.

Vanquished Creatures
  Natasha (D:2)
  An adder (D:2)
  A worm (D:2)
  A dart slug (D:2)
  4 giant geckos
  2 bats (D:1)
  4 giant cockroaches
  3 goblins (D:2)
  3 hobgoblins (D:2)
  2 jackals (D:1)
  3 giant newts
  9 kobolds
  3 rats
37 creatures vanquished.

Notes
Turn   | Place    | Note
--------------------------------------------------------------
     0 | D:1      | GreamJoe the Draconian Hunter began the quest for the Orb.
     0 | D:1      | Reached XP level 1. HP: 17/17 MP: 1/1
    87 | D:1      | Reached skill level 4 in Throwing
   416 | D:1      | Reached XP level 2. HP: 12/24 MP: 2/2
  1374 | D:1      | Gained mutation: You are resistant to hostile enchantments. [potion of mutation]
  1374 | D:1      | Gained mutation: You tend to lose your temper in combat. [potion of mutation]
  1604 | D:2      | Found a faded altar to an unknown god.
  1617 | D:2      | Reached skill level 1 in Stealth
  1620 | D:2      | Reached XP level 3. HP: 30/30 MP: 3/3
  1804 | D:2      | Found a sacrificial altar of Ru.
  1981 | D:2      | Found an oddly glowing altar of Pakellas.
  2283 | D:2      | Noticed Natasha
  2293 | D:2      | Killed Natasha
  2293 | D:2      | Reached XP level 4. HP: 10/37 MP: 4/4
  2431 | D:2      | Noticed Crazy Yiuf
  2438 | D:2      | HP: 1/37 [Crazy Yiuf/quarterstaff of chaos (2)]
  2449 | D:2      | HP: 1/37 [poisoned by Crazy Yiuf]
  2450 | D:2      | Succumbed to Crazy Yiuf's poison

Skill      XL: |  1  2 |
---------------+-------+-----
Throwing       | 4 |  4.2
Dodging        | 2 |  2.9
Stealth        | 1 |  1.4
Fighting       | |  2.3
Short Blades   | |  0.4
Maces & Flails | |  0.2

Action                   |  1- 3 |  4- 6 || total
-------------------------+-------+-------++-------
Melee: Short sword       |    68 |       ||    68
       Tailslap          |     8 |       ||     8
       Mace              |    50 |    11 ||    61
Throw: Javelin           |    30 |       ||    30
       Throwing net      |     2 |       ||     2
  Use: Potion            |     2 |       ||     2
 Stab: Sleeping          |     1 |       ||     1
  Eat: Meat ration       |     1 |     1 ||     2
       Bread ration      |     1 |       ||     1
       Fruit             |       |     1 ||     1
Armor: Skin              |   102 |     7 ||   109
Dodge: Dodged            |   180 |     9 ||   189
